 Dungeon Crawl Stone Soup version 0.29-a0-839-g4793fd635e (webtiles) character file.

Game seed: 18412510056276215254

76 Ijustatesigmund the Firebug (level 4, -3/37 HPs)
             Began as a Hill Orc Fire Elementalist on July 14, 2022.
             Slain by Robin
             ... wielding a +0 mace of protection
              (5 damage)
             ... on level 2 of the Dungeon.
             The game lasted 00:05:38 (2489 turns).

Ijustatesigmund the Firebug (HOFE)                  Turns: 2489, Time: 00:05:39

Health: -3/37      AC:  4    Str: 10    XL:     4   Next: 32%
Magic:  2/7        EV: 12    Int: 17    God:
Gold:   86         SH:  0    Dex: 11    Spells: 4/7 levels left

rFire   . . .      SeeInvis .   d - +0 quarterstaff
rCold   . . .      Faith    .   (shield currently unavailable)
rNeg    . . .      Spirit   .   a - +2 robe {Archmagi}
rPois   .          Reflect  .   (no helmet)
rElec   .          Harm     .   (no cloak)
rCorr   .          Rampage  .   (no gloves)
Will    .....      Archmagi +   (no boots)
Stlth   ++........              (no amulet)
HPRegen 0.12/turn               (no ring)
MPRegen 0.10/turn               (no ring)

@: attractive
A: no striking features
a: no special abilities


You were on level 2 of the Dungeon.
You visited 1 branch of the dungeon, and saw 4 of its levels.

You collected 86 gold pieces.

Inventory:

Hand Weapons
 d - a +0 quarterstaff (weapon)
Armour
 a - a +2 robe of the Archmagi (worn)
Scrolls
 c - a scroll of enchant armour {unknown}
 h - a scroll of teleportation {unknown}
 i - a scroll of identify
Potions
 e - a potion of mutation


   Skills:
 + Level 2.8 Fighting
 - Level 1.5 Dodging
 - Level 1.5 Stealth
 - Level 2.0 Spellcasting
 - Level 1.9 Conjurations
 - Level 3.8 Fire Magic


You had 4 spell levels left.
You knew the following spells:

 Your Spells              Type           Power      Damage    Failure   Level
a - Foxfire               Conj/Fire      68%        2x1d7     6%          1
b - Scorch                Fire           44%        2d7       6%          2

Your spell library contained the following spells:

 Spells                   Type           Power      Damage    Failure   Level
 Conjure Flame            Conj/Fire      17%        6-21      19%         3
 Inner Flame              Hex/Fire       12%        N/A       26%         3
 Flame Wave               Conj/Fire      17%        2d6       52%         4


Dungeon Overview and Level Annotations

Branches:
Dungeon (4/15)
 Temple: D:4-7

Altars:
Beogh

Annotations:
D:2 Robin
D:4 Blork the orc


Message History

Confirm with . or Enter, or press ? or * to list all spells.
You feel a surge of power!
Flames lash Robin but do no damage.
Robin barely misses you.
Robin is no longer more vulnerable to fire.
Robin barely misses you.
Robin hits you with a +0 mace of protection.
* * * LOW HITPOINT WARNING * * *
It was a potion of curing.
You feel better. Robin hits you but does no damage.
Magic courses through your body. Robin closely misses you.
Robin hits you with a +0 mace of protection.
Casting: Scorch (safe; 6% risk of failure)
Confirm with . or Enter, or press ? or * to list all spells.
You feel a surge of power!
Flames lash Robin.
Robin is severely wounded.
Robin's fire resistance burns away.
Robin hits you with a +0 mace of protection.
Robin barely misses you.
Robin hits you with a +0 mace of protection.
* * * LOW HITPOINT WARNING * * *
It was a potion of attraction.
You feel attractive to monsters. Robin closely misses you.
Casting: Scorch (safe; 6% risk of failure)
Confirm with . or Enter, or press ? or * to list all spells.
You feel a surge of power!
Flames lash Robin.
Robin is burned terribly!
Robin is severely wounded.
Robin laughs in a distinctly smug fashion.
Robin closely misses you.
Robin hits you with a +0 mace of protection.
* * * LOW HITPOINT WARNING * * *
Robin barely misses you.
Okay, then.
Casting: Scorch (safe; 6% risk of failure)
Confirm with . or Enter, or press ? or * to list all spells.
You feel a surge of power!
Flames lash Robin but do no damage.
Robin hits you with a +0 mace of protection.
* * * LOW HITPOINT WARNING * * *
Robin closely misses you.
Robin hits you with a +0 mace of protection.
You die...

##################
#.................
#.#........#...###
#.#........#...#
#.#........#...#
#.#........#...#
#.#......[.#...#
########g#........#...#
#.......@..............
##.#######........#..
#.# #........#... #.#
#........# .. #.#
#........# #.#
.........# ##.##
........# #<..# .......
#####


You could see Robin (fast, combustible).

Vanquished Creatures
  Natasha (D:4)
  An adder (D:4)
  4 ball pythons
  4 bats
  6 endoplasms
  3 giant cockroaches (D:1)
  5 hobgoblins
  2 quokkas (D:1)
  4 frilled lizards
  5 goblins
  2 kobolds
  4 rats
41 creatures vanquished.

Vanquished Creatures (others)
  121 foxfires
  6 plants (D:4)
127 creatures vanquished.

Grand Total: 168 creatures vanquished

Notes
Turn   | Place    | Note
-------+----------+-------------------------------------------
     0 | D:1      | Ijustatesigmund the Hill Orc Fire Elementalist began the
                  | quest for the Orb.
     0 | D:1      | Reached XP level 1. HP: 14/14 MP: 3/3
   588 | D:1      | Reached XP level 2. HP: 20/20 MP: 0/4
   630 | D:1      | Learned a level 2 spell: Scorch
  1123 | D:1      | Found a roughly hewn altar of Beogh.
  1338 | D:1      | Found a faded altar of an unknown god.
  1420 | D:1      | Reached XP level 3. HP: 26/26 MP: 4/6
  1961 | D:2      | You fall into a shaft and drop 2 floors!
  1970 | D:4      | Reached skill level 1 in Fighting
  1978 | D:4      | Noticed a scorpion
  2165 | D:4      | Noticed Natasha
  2170 | D:4      | Killed Natasha
  2171 | D:4      | Reached XP level 4. HP: 32/37 MP: 1/7
  2227 | D:4      | Noticed Blork the orc
  2455 | D:3      | Noticed Robin
  2489 | D:2      | Slain by Robin

Illustrated notes

Levels and vault maps discovered:
D:1:      erik_arrival_blinker_ship, layout_rooms,
          hellmonk_ecumenical_altar_defaced_shrine
D:2:      layout_basic
D:3:      layout_basic, uniq_robin
D:4:      layout_basic, minmay_temple_entry_gardened_gates, enter_ossuary_2,
          uniq_blork_the_orc, uniq_natasha

Skill      XL: |  1  2  3 |
---------------+----------+-----
Spellcasting   | 2 |  2.0
Fighting       | 2 |  2.8
Dodging        | |  1.5
Stealth        | |  1.5
Conjurations   | |  1.9
Fire Magic     | |  3.8

Action                   |  1- 3 |  4- 6 || total
-------------------------+-------+-------++-------
Melee: Unarmed           |     7 |       ||     7
       Whip              |     1 |       ||     1
 Cast: Foxfire           |    62 |     6 ||    68
       Scorch            |     2 |     6 ||     8
  Use: Scroll            |     4 |       ||     4
       Potion            |       |     3 ||     3
Armor: Robe              |     1 |     1 ||     2
Dodge: Dodged            |    17 |    13 ||    30

Table legend: (Time is in decaauts)
 A = Elapsed time spent in this place.
 B = Non-inter-level travel time spent in this place.
 C = Inter-level travel time spent in this place.
 D = Time resting spent in this place.
 E = Time spent auto-exploring this place.
 F = Levels seen in this place.
 G = Mean time per level.
                   A        B        C        D        E       F      G
               +--------+--------+--------+--------+--------+-----+--------+
         Total |   2487 |   2471 |     16 |   1234 |    847 |   4 |  621.8 |
       Dungeon |   2487 |   2471 |     16 |   1234 |    847 |   4 |  621.8 |
               +--------+--------+--------+--------+--------+-----+--------+

Top non-repeatable levels by time:
     D:1: 1614 daAuts
     D:2: 360 daAuts
     D:4: 278 daAuts
     D:3: 233 daAuts
